AoeStats
← the best player in the universe

Enclosed

504697163Analyzed
1v1 RM · 26d ago on Sep 6, 2026· 31m 17s· 2 players
Game mode
Random Map
Map size
Tiny (2 player)
Population
200
Speed
Normal
Resources
Standard
Victory
Conquest
Starting age
Dark Age
Ending age
Imperial Age
RankedLock teamsTeams togetherTeam positionsShared explorationLock speedFull tech treeHidden civsTurbo modeCheats
Victory
Defeat
🇪🇸 Franks · Spain
1135
+18
1178
-18
EL_DoN_TaPaS
2:33 Loom
10:10 Feudal Age
11:25 Double-Bit Axe
19:40 Fletching
19:51 Padded Archer Armor
20:11 Arson
25:39 Castle Age
25:41 Forging
25:32 Scale Mail Armor
25:38 Scale Barding Armor
25:36 Gold Mining
25:47 Pikeman
26:29 Squires
27:18 Chain Mail Armor
29:58 Elite Skirmisher
30:42 Gambesons
the best player in the universe
5:34 Loom
8:47 Feudal Age
9:28 Double-Bit Axe
12:41 Wheelbarrow
12:18 Horse Collar
18:19 Gold Mining
22:53 Castle Age
22:34 Bloodlines
24:04 Hand Cart
24:00 Bow Saw
24:29 Gold Shaft Mining
29:56 Fletching
30:07 Padded Archer Armor
Connection lost

Rejoining the realm…

Still unreachable

The connection could not be restored.

Session expired

The server has moved on; the page needs a fresh start.